AoeStats
← kV0t3

Arabia

508083960Analyzed
2v2 RM · 10d ago on Sep 20, 2026· 20m 30s· 4 players
Game mode
Random Map
Map size
Medium (4 player)
Population
200
Speed
Normal
Resources
Standard
Victory
Conquest
Starting age
Dark Age
Ending age
Imperial Age
RankedLock teamsTeams togetherTeam positionsShared explorationLock speedFull tech treeHidden civsTurbo modeCheats
Victory
Defeat
🇮🇳 Cumans · India
1467
+13
🇦🇷 Magyars · Argentina
1412
-16
🇦🇷 Maya · Argentina
1377
-15
kV0t3
0:26 Loom
9:53 Feudal Age
15:39 Fletching
22:28 Castle Age
20:31 Double-Bit Axe
20:40 Gold Mining
[@LLNET]ZADBACK
11:27 Feudal Age
9:49 Loom
11:53 Feudal Age
12:08 Man-at-Arms
17:51 Arson
Mr_PrIMeZ
5:36 Loom
9:17 Feudal Age
9:54 Double-Bit Axe
10:00 Horse Collar
15:46 Scale Barding Armor
17:09 Fletching
18:22 Bloodlines
19:21 Town Watch
உயர் கல்வி கற்றவர்
5:23 Loom
11:33 Feudal Age
15:29 Castle Age
14:43 Double-Bit Axe
Connection lost

Rejoining the realm…

Still unreachable

The connection could not be restored.

Session expired

The server has moved on; the page needs a fresh start.